 Dungeon Crawl Stone Soup version 0.23-a0-183-gf37f6fb (webtiles) character file.

95 Felrender the Covered (level 4, 0/40 HPs)
             Began as a Minotaur Fighter on Sept 22, 2018.
             Slain by a gnoll
             ... wielding a +0 halberd
              (12 damage)
             ... on level 2 of the Dungeon.
             The game lasted 00:02:14 (662 turns).

Felrender the Covered (Minotaur Fighter)             Turns: 662, Time: 00:02:15

Health: 0/40       AC:  7    Str: 22    XL:     4   Next: 39%
Magic:  3/3        EV:  7    Int:  5    God:
Gold:   51         SH:  9    Dex:  9    Spells: 3/3 levels left

rFire    . . .     SeeInvis .   a - +0 war axe
rCold    . . .     Gourm    .   c - +0 shield
rNeg     . . .     Faith    .   b - +0 scale mail
rPois    .         Spirit   .   (helmet restricted)
rElec    .         Reflect  .   (no cloak)
rCorr    .         Harm     .   (no gloves)
MR       .....                  (no boots)
Stlth    ..........             (no amulet)
HPRegen  0.13/turn              (no ring)
MPRegen  0.08/turn              (no ring)

@: no status effects
A: retaliatory headbutt, horns 2
a: no special abilities


You were on level 2 of the Dungeon.
You were not hungry.

You visited 1 branch of the dungeon, and saw 2 of its levels.

You collected 51 gold pieces.

Inventory:

Hand Weapons
 a - a +0 war axe (weapon)
Armour
 b - a +0 scale mail (worn)
 c - a +0 shield (worn)
 g - a +0 pair of gloves
Potions
 d - a potion of ambrosia {unknown}
 h - a potion of resistance {unknown}
Comestibles
 f - 2 rations


   Skills:
 + Level 4.2 Fighting
 + Level 3.9 Axes
 + Level 4.5 Armour
 + Level 4.2 Shields


You had 3 spell levels left.
You didn't know any spells.
Your spell library was empty.

Dungeon Overview and Level Annotations

Branches:
Dungeon (2/15)

Altars:

Annotations:
D:2 1 runed door


Innate Abilities, Weirdness & Mutations

You reflexively headbutt those who attack you in melee.
You have a pair of horns on your head.


Message History

A worm comes into view.
The gnoll hits you from afar with a spear.
The gnoll shouts!
You slash the gnoll!
You kill the gnoll!
A bat comes into view.
The gnoll hits you from afar with a spear.
The bat closely misses you. The gnoll hits you with a spear.
* * * LOW HITPOINT WARNING * * *
A scorpion comes into view.
Found 13 gold pieces and a scroll of identify.
Items here: $ ) ? † a spear; a scroll of teleportation; 8 gold pieces; a gnoll corpse You block the bat's attack.
A leopard gecko comes into view.
You block the gnoll's attack. You block the bat's attack.
You see here a fizzy silvery potion.
The gnoll hits you from afar with a halberd!
You die...

#..# #.## ♣♣ #.#
♣♣♣. #.# #♣..♣
#.# +.♣♣♣ #.#
#♣♣ # #.#
#.########[#
#..)gg.@...#
s......l########
#.#...b.#
#.....# #.###.#
#$ #.# . #.# ?
#.#


You could see 2 gnolls and a leopard gecko.

Vanquished Creatures
  2 adders (D:2)
  A gnoll (D:2)
  6 oozes (D:1)
  A worm (D:2)
  A leopard gecko (D:2)
  A ball python (D:2)
  9 giant cockroaches (D:1)
  3 goblins
  A hobgoblin (D:2)
  3 jackals (D:1)
  2 bats
  A frilled lizard (D:1)
  A kobold (D:1)
  5 rats (D:1)
37 creatures vanquished.

Notes
Turn   | Place    | Note
-------+----------+-------------------------------------------
     0 | D:1      | Felrender the Minotaur Fighter began the quest for the Orb.
     0 | D:1      | Reached XP level 1. HP: 19/19 MP: 0/0
     1 | D:1      | Found a runed door.
    16 | D:1      | Reached XP level 2. HP: 19/27 MP: 1/1
    30 | D:1      | Reached XP level 3. HP: 25/33 MP: 2/2
   399 | D:2      | Reached XP level 4. HP: 30/40 MP: 3/3
   568 | D:2      | Found a runed door.
   662 | D:2      | Slain by a gnoll

Vault maps used:
D:1:      dpeg_arrival_caged_fury
D:2:      uniq_terence, uniq_crazy_yiuf_cottage

Skill      XL: |  1  2  3 |
---------------+----------+-----
Fighting       | 4 |  4.2
Armour         | 4 |  4.5
Shields        | 4 |  4.2
Axes           | 3 |  3.9

Action                   |  1- 3 |  4- 6 || total
-------------------------+-------+-------++-------
Melee: War axe           |    66 |    14 ||    80
       Headbutt          |     7 |       ||     7
  Use: Potion            |     1 |       ||     1
       Scroll            |     5 |       ||     5
Armor: Scale mail        |    34 |     3 ||    37
Dodge: Dodged            |    28 |     4 ||    32
Block: Shield            |    33 |    12 ||    45

Table legend:
 A = Non-vault XP
 B = Vault XP
 C = Vault XP percentage of total XP
 D = Non-vault monster count
 E = Vault monster count
 F = Vault count percentage of total count
                 A         B        C        D         E       F
            +---------+---------+-------+---------+---------+-------
      Total |      65 |      71 |  52.2 |      15 |      22 |  59.5
            +---------+---------+-------+---------+---------+-------
        D:1 |       8 |      71 |  89.9 |       6 |      22 |  78.6
        D:2 |      57 |       0 |   0.0 |       9 |       0 |   0.0
            +---------+---------+-------+---------+---------+-------
